 Dungeon Crawl Stone Soup version 0.28.0-53-g5a82cb258f (webtiles) character file.

Game seed: 9329461254434930977

46 thriggle the Vexing (level 3, 0/26 HPs)
             Began as a Barachi Enchanter on June 10, 2022.
             Was a Follower of Ru.
             Slain by Natasha (3 damage)
             ... on level 3 of the Dungeon.
             The game lasted 00:08:06 (3784 turns).

thriggle the Vexing (Barachi Enchanter)             Turns: 3784, Time: 00:08:07

Health: 0/26       AC:  3    Str: 11    XL:     3   Next: 68%
Magic:  7/15       EV:  7    Int: 15    God:    Ru [*.....]
Gold:   112        SH:  0    Dex: 12    Spells: 2/7 levels left

rFire   . . .      SeeInvis +   a - +1 dagger
rCold   . . .      Faith    .   (no shield)
rNeg    . . .      Spirit   .   b - +0 robe
rPois   .          Reflect  .   (no helmet)
rElec   .          Harm     .   j - +0 cloak
rCorr   .          Rampage  .   (no gloves)
Will    .....                   (no boots)
Stlth   ++........              (no amulet)
HPRegen 0.08/turn               d - ring of see invisible
MPRegen 0.14/turn               h - ring of magical power

@: confusing by touch, slow
A: amphibious, slowness 1, reduced EV 1, strong legs 1, +LOS
a: Hop, Renounce Religion


You were on level 3 of the Dungeon.
You worshipped Ru.
Ru was aware of your devotion.
You visited 1 branch of the dungeon, and saw 3 of its levels.

You collected 112 gold pieces.

Inventory:

Hand Weapons
 a - a +1 dagger (weapon)
Missiles
 i - 97 stones (quivered)
Armour
 b - a +0 robe (worn)
 j - a +0 cloak (worn)
 m - a +0 buckler
Jewellery
 d - a ring of see invisible (left hand)
 h - a ring of magical power (right hand)
 l - an amulet of guardian spirit
Scrolls
 g - a scroll of vulnerability
 k - a scroll of blinking
 o - 2 scrolls of fear
Potions
 c - a potion of invisibility
 e - 3 potions of curing
 n - a potion of lignification


   Skills:
 + Level 1.0 Fighting
 - Level 1.1(1.2) Short Blades
 + Level 1.0(1.3) Long Blades
 + Level 0.0 Throwing
 + Level 0.4 Armour
 + Level 2.5 Dodging
 + Level 2.9 Stealth
 + Level 2.5 Spellcasting
 + Level 3.6 Hexes
 + Level 0.9 Ice Magic


You had 2 spell levels left.
You knew the following spells:

 Your Spells              Type           Power      Damage    Failure   Level
a - Ensorcelled Hibernat  Hex/Ice        16%        N/A       12%         2
b - Confusing Touch       Hex            12%        N/A       14%         3

Your spell library contained the following spells:

 Spells                   Type           Power      Damage    Failure   Level
 Tukima's Dance           Hex            12%        N/A       14%         3
 Dazzling Flash           Conj/Hex       14%        N/A       30%         3


Dungeon Overview and Level Annotations

Branches:
Dungeon (3/15)

Altars:
Ru

Shops:
D:3 [

Annotations:
D:3 Natasha


Innate Abilities, Weirdness & Mutations

You are amphibious.
You cover ground slowly.
You have somewhat slow reflexes. (EV -5)
You can hop short distances.
You have an extended range of vision and can be seen from far away.


Message History

As you read the scroll of identify, it crumbles to dust.
n - a potion of lignification
i - 95 stones (gained 1)
i - 97 stones (gained 2)
You start resting.
Magic restored.
You see here a +0 dagger.
Natasha hisses angrily.
Casting: Ensorcelled Hibernation (safe; 12% risk of failure)
Confirm with . or Enter, or press ? or * to list all spells.
Aiming: Ensorcelled Hibernation (safe; 12% risk of failure)
Press: ? - help, Shift-Dir - straight line, f - Natasha
Aim: Natasha (chance to affect: 41%) Natasha resists with some effort.
Natasha claws you but does no damage.
Casting: Ensorcelled Hibernation (safe; 12% risk of failure)
Confirm with . or Enter, or press ? or * to list all spells.
Aiming: Ensorcelled Hibernation (safe; 12% risk of failure)
Press: ? - help, Shift-Dir - straight line, f/p - Natasha
Aim: Natasha (chance to affect: 41%) Natasha resists with some effort.
Natasha claws you.
Casting: Ensorcelled Hibernation (safe; 12% risk of failure)
Confirm with . or Enter, or press ? or * to list all spells.
Aiming: Ensorcelled Hibernation (safe; 12% risk of failure)
Press: ? - help, Shift-Dir - straight line, f/p - Natasha
Aim: Natasha (chance to affect: 41%) Natasha resists with some effort.
Natasha claws you.
Casting: Ensorcelled Hibernation (safe; 12% risk of failure)
Confirm with . or Enter, or press ? or * to list all spells.
The spell is quite dangerous to miscast (14% risk of failure)!
Continue anyway?
Your hands begin to glow red.
Natasha barely misses you.
You hit Natasha but do no damage. Natasha casts a spell at you.
The magic dart hits you.
You barely miss Natasha.
Natasha stares at you and mumbles some strange words.
The magic dart hits you.
You barely miss Natasha. Natasha claws you!
* * * LOW HITPOINT WARNING * * *
You hit Natasha but do no damage. Natasha claws you.
You die...

.######## #.###...#####
##.###. .#
#........)..# ##...# .#
#####...###.# #.... .#
##.## #.# #.### .# #.#
#.# #.# .# #.#
#.######.# .# #.#
#g....##.# .#
##.####.....##.### .#
#@................
.####.###
#..h..........##.###
.........
................##.###
.#####.##
##...#.#.####.####...##
.# #.# #...#.#.# #.#
#..... .# #.# #...#....
#.# #...## .# #.# #..
...#.. ..# ###### ##
#§# #.. ##. .## .# #
######§## #.. # ## #


You could see Natasha.

Vanquished Creatures
  2 worms (D:3)
  5 endoplasms
  2 giant cockroaches (D:3)
  4 goblins
  6 hobgoblins
  A quokka (D:3)
  4 ball pythons
  3 bats
  2 frilled lizards
  4 kobolds
  5 rats
38 creatures vanquished.

Notes
Turn   | Place    | Note
-------+----------+-------------------------------------------
     0 | D:1      | thriggle the Barachi Enchanter began the quest for the Orb.
     0 | D:1      | Reached XP level 1. HP: 13/13 MP: 3/3
   808 | D:1      | Reached XP level 2. HP: 18/20 MP: 5/5
   811 | D:1      | Learned a level 2 spell: Ensorcelled Hibernation
  1013 | D:1      | Found a faded altar of an unknown god.
  1025 | D:1      | Prayed at the altar of an unknown god.
  1025 | D:1      | Became a worshipper of Ru the Awakened
  1030 | D:1      | Gained mutation: You have somewhat slow reflexes. (EV -5)
                  | [Ru sacrifice]
  1030 | D:1      | Reached * piety under Ru
  2346 | D:3      | Reached skill level 1 in Long Blades
  2453 | D:3      | Reached XP level 3. HP: 5/25 MP: 6/6
  2831 | D:3      | Found Coirolur's Armour Emporium.
  2906 | D:3      | Noticed Natasha
  2926 | D:3      | Learned a level 3 spell: Confusing Touch
  3219 | D:3      | HP: 1/25 [worm (4)]
  3222 | D:3      | Reached skill level 1 in Fighting
  3784 | D:3      | Slain by Natasha

Illustrated notes

Levels and vault maps discovered:
D:1:      minmay_arrival_four_loops, layout_basic,
          hellmonk_ecumenical_altar_pennies_from_heaven
D:2:      layout_loops_ring, chequers_serial_rivers_micro_e
D:3:      layout_loops_ring, serial_shops, shop, uniq_natasha

Skill      XL: |  1  2  3 |
---------------+----------+-----
Long Blades    | 1 |  1.0
Fighting       | 1 |  1.0
Short Blades   | |  1.1
Armour         | |  0.4
Dodging        | |  2.5
Stealth        | |  2.9
Spellcasting   | |  2.5
Hexes          | |  3.6
Ice Magic      | |  0.9

Action                   || total
-------------------------++-------
Melee: Dagger            ||   125
Throw: Stone             ||     5
 Cast: Ensorcelled Hiber ||    35
       Confusing Touch   ||     1
Invok: Sacrifice Health  ||     1
  Use: Scroll            ||     6
 Stab: Sleeping          ||    22
Armor: Robe              ||    29
Dodge: Dodged            ||    54
